 Dungeon Crawl Stone Soup version 0.25-a0-589-g1e14c549ee (webtiles) character file.

Game seed: 3343201550145769331, levelgen mode: classic

378159 EnegeticOcto the Peltast (level 21, -7/174 HPs)
             Began as a Mummy Chaos Knight on Mar 13, 2020.
             Was a Favourite Plaything of Xom.
             Killed by dispel undead
             ... invoked by a revenant
              (49 damage)
             ... on level 1 of the Crypt.
             The game lasted 01:33:19 (61950 turns).

EnegeticOcto the Peltast (Mummy Chaos Knight)      Turns: 61950, Time: 01:33:20

Health: -7/174     AC: 37    Str: 26    XL:     21   Next: 84%
Magic:  33/33      EV:  6    Int: 13    God:    Xom [....*.]
Gold:   802        SH: 23    Dex:  8    Spells: 31/36 levels left

rFire    + + +     SeeInvis .   J - +9 eveningstar (freeze)
rCold    + + +     Gourm    .   A - +0 tower shield
rNeg     + + +     Faith    .   K - +9 plate armour {rF+}
rPois    ∞         Spirit   .   y - +0 helmet
rElec    +         Reflect  .   G - +1 cloak of Autumn {rC++ rN+ MR- Regen+}
rCorr    .         Harm     .   t - +2 pair of gloves {Str+3}
MR       ++++.     Clarity  +   X - +2 pair of boots {Fly}
Stlth    ..........             I - amulet of the Four Winds {rN+ MR+++ Clar}
HPRegen  0.79/turn              p - ring of Zaav Rip {*Drain rF+++ AC+5 Dex-4}
MPRegen  0.23/turn              D - ring of Hahiquwi {rElec rF+ rN+, =R}

@: no status effects
A: no food or potions, fire vulnerability, cold resistance 1, negative energy
resistance 3, torment resistance, unbreathing, in touch with death 1
}: 2/15 runes: decaying, serpentine
a: Renounce Religion, Evoke Flight


You were on level 1 of the Crypt.
You worshipped Xom.
You were a beloved toy of Xom.
You were not hungry.

You visited 9 branches of the dungeon, and saw 39 of its levels.
You visited 1 bazaar.
You also visited: Gauntlet, Volcano and Wizlab.

You collected 4147 gold pieces.
You spent 3345 gold pieces at shops.

Inventory:

Hand Weapons
 n - a +1 spear of distortion
 J - a +9 eveningstar of freezing (weapon)
Armour
 t - a +2 pair of gloves of strength (worn)
 y - a +0 helmet (worn)
 A - a +0 tower shield (worn)
 G - the +1 cloak of Autumn (worn) {rC++ rN+ MR- Regen+}
   (You found it in a wizard's laboratory)

   It greatly protects you from cold.
   It protects you from negative energy.
   It affects your resistance to hostile enchantments.
   It increases your rate of regeneration.
 K - a +9 plate armour of fire resistance (worn)
 W - the +1 cloak of Starlight {rElec rC+ EV+4 Stlth--}
   (You found it in a wizard's laboratory)

   It affects your evasion (+4).
   It protects you from cold.
   It insulates you from electricity.
   It makes you much less stealthy.
 X - a +2 pair of boots of flying (worn)
Jewellery
 d - the ring of Suspicion {Ice rElec MP+9 Dex+3}
   (Xom gifted it to you on level 2 of the Snake Pit)

   [ring of ice]

   It enhances your ice magic.
   It affects your dexterity (+3).
   It makes you vulnerable to fire.
   It protects you from cold.
   It insulates you from electricity.
   It affects your magic capacity (+9).
 p - the ring of Zaav Rip (left hand) {*Drain rF+++ AC+5 Dex-4}
   (You bought it in a shop on level 1 of the Snake Pit)

   [ring of protection]

   It affects your AC (+5).
   It affects your dexterity (-4).
   It renders you almost immune to fire.
   It causes draining when unequipped.
 w - an uncursed ring of resist corrosion
 D - the ring of Hahiquwi (right hand) {rElec rF+ rN+, =R}
   (You found it on level 11 of the Dungeon)

   [ring of positive energy]

   It protects you from fire.
   It insulates you from electricity.
   It protects you from negative energy.
 I - the amulet of the Four Winds (around neck) {rN+ MR+++ Clar}
   (You found it on level 6 of the Lair of Beasts)

   [amulet of nothing]

   It protects you from negative energy.
   It affects your resistance to hostile enchantments.
   It protects you against confusion.
Wands
 e - a wand of disintegration (25)
 f - a wand of flame (70)
 g - a wand of paralysis (23)
 j - a wand of clouds (5)
 k - a wand of enslavement (8)
 s - a wand of iceblast (11)
 v - a wand of scattershot (17)
 E - a wand of digging (26)
 F - a wand of polymorph (25)
 M - a wand of acid (18)
Scrolls
 c - 20 scrolls of teleportation {@r3 !r}
 l - 5 scrolls of magic mapping {@r5 !r}
 m - 17 scrolls of identify {@r1}
 o - 4 scrolls of immolation
 q - 11 scrolls of remove curse {@r2}
 r - 8 scrolls of noise
 u - 4 scrolls of enchant weapon
 x - 2 scrolls of silence
 C - 11 scrolls of fog {!r}
 N - 3 scrolls of summoning
 O - 3 scrolls of vulnerability
 P - a scroll of torment
 Q - 2 scrolls of blinking {@r4}
 V - 2 scrolls of fear {!r}
Miscellaneous
 B - a lamp of fire
 L - 2 boxes of beasts
 R - a lightning rod (4/4)


   Skills:
 + Level 17.2 Fighting
 - Level 16.0 Maces & Flails
 + Level 7.3 Armour
 - Level 0.7 Dodging
 + Level 20.0 Shields
 - Level 8.0 Spellcasting
 + Level 6.3 Translocations
 + Level 13.5 Evocations


You had 31 spell levels left.
You knew the following spells:

 Your Spells              Type           Power        Failure   Level  Hunger
L - Swiftness             Chrm/Air       #.......     99%         2    N/A
O - Summon Butterflies    Summ           #.......     96%         1    N/A
Y - Blink                 Tloc           N/A          32%         2    N/A

Your spell library contained the following spells:

 Spells                   Type           Power        Failure   Level  Hunger
 Gell's Gravitas          Tloc           ###.......   54%         3    N/A
 Lesser Beckoning         Tloc           ###.......   54%         3    N/A
 Teleport Other           Tloc           ###.....     54%         3    N/A
 Shroud of Golubria       Chrm/Tloc      ##....       77%         2    N/A
 Passage of Golubria      Tloc           N/A          91%         4    N/A
 Portal Projectile        Hex/Tloc       ##....       94%         3    N/A
 Recall                   Summ/Tloc      N/A          94%         3    N/A
 Foxfire                  Conj/Fire      #...         96%         1    N/A
 Freeze                   Ice            #...         96%         1    N/A
 Infusion                 Chrm           #...         96%         1    N/A
 Magic Dart               Conj           #...         96%         1    N/A
 Shock                    Conj/Air       #...         96%         1    N/A
 Poisonous Vapours        Pois/Air       #.....       99%         2    N/A
 Song of Slaying          Chrm           #.......     99%         2    N/A
 Sticks to Snakes         Tmut           #.......     99%         2    N/A
 Conjure Flame            Conj/Fire      #.......     100%        3    N/A
 Frozen Ramparts          Ice            #.....       100%        3    N/A
 Inner Flame              Hex/Fire       #.......     100%        3    N/A
 Ozocubu's Armour         Chrm/Ice       #.......     100%        3    N/A
 Spectral Weapon          Hex/Chrm       #.......     100%        3    N/A
 Static Discharge         Conj/Air       #.......     100%        3    N/A
 Tukima's Dance           Hex            #.......     100%        3    N/A
 Airstrike                Air            #.........   100%        4    N/A
 Sticky Flame             Conj/Fire      #.......     100%        4    N/A
 Aura of Abjuration       Summ           #.........   100%        5    N/A
 Bolt of Magma            Conj/Fire/Erth #.........   100%        5    N/A
 Fireball                 Conj/Fire      #.........   100%        5    N/A
 Iskenderun's Battlesphe  Conj/Chrm      #.......     100%        5    N/A
 Lightning Bolt           Conj/Air       #.........   100%        5    N/A
 Metabolic Englaciation   Hex/Ice        #.........   100%        5    N/A
 Silence                  Hex/Air        #.........   100%        5    N/A
 Summon Demon             Summ           #.........   100%        5    N/A
 Summon Forest            Summ/Tloc      ##........   100%        5    N/A
 Summon Mana Viper        Hex/Summ       #.......     100%        5    N/A
 Dispersal                Tloc           ###.......   100%        6    N/A
 Freezing Cloud           Conj/Ice/Air   #.........   100%        6    N/A
 Invisibility             Hex            #.......     100%        6    N/A
 Iron Shot                Conj/Erth      #.........   100%        6    N/A
 Ozocubu's Refrigeration  Ice            #.........   100%        6    N/A
 Shadow Creatures         Summ           N/A          100%        6    N/A
 Simulacrum               Ice/Necr       #.........   100%        6    N/A
 Orb of Destruction       Conj           #.........   100%        7    N/A
 Spellforged Servitor     Conj/Summ      #.........   100%        7    N/A
 Summon Hydra             Summ           #.........   100%        7    N/A
 Controlled Blink         Tloc           N/A          100%        8    N/A
 Disjunction              Tloc           ###.......   100%        8    N/A
 Beastly Appendage        Tmut           Unusable     N/A         1    N/A
 Spider Form              Tmut/Pois      Unusable     N/A         3    N/A
 Ice Form                 Ice/Tmut       Unusable     N/A         4    N/A
 Blade Hands              Tmut           Unusable     N/A         5    N/A

Dungeon Overview and Level Annotations

Branches:
Dungeon (15/15)            Temple (0/1) D:5            Lair (6/6) D:11
  Swamp (4/4) Lair:2        Snake (4/4) Lair:2        Slime (0/5) Lair:5
    Orc (2/2) D:10            Elf (2/3) Orc:2        Vaults (4/5) D:14
  Crypt (1/3) Vaults:2     Depths (1/5) D:15        Volcano (visited)
 WizLab (visited)         Gauntlet (visited)

Altars:
Elyvilon
Gozag
Hepliaklqana
Makhleb
Nemelex Xobeh
Qazlal
Sif Muna
Trog
Wu Jian
Xom
The Shining One
Jiyva

Shops:
D:9 [   D:11 ?   D:12 *   Orc:2 (!:!   Elf:1 ?[   Elf:2 :   Swamp:1 *
Snake:1 }=}   Vaults:3 ?

Portals:
Pandemonium: Orc:2

Annotations:
D:2 1 runed translucent door, Crazy Yiuf
D:7 2 transporters, WhatIsLove's ghost, novice HOMo
D:13 2 runed translucent doors
Lair:2 1 runed translucent door, exclusion: 4 oklob plants, Emblim88's ghost, journeyman GnFi
Lair:3 exclusion: oklob plant
Lair:4 1 runed translucent door
Lair:5 Rupert
Swamp:1 2 transporters, fly's ghost, journeyman DDFi
Elf:1 1 runed translucent door, karf's ghost, journeyman GrEE
Elf:2 4 runed translucent doors, Opej's ghost, adept CeHu


Innate Abilities, Weirdness & Mutations

You do not eat or drink.
Your flesh is vulnerable to fire.
You are immune to poison.
Your flesh is cold resistant. (rC+)
You are immune to negative energy. (rN+++)
You are immune to unholy pain and torment.
You can survive without breathing.
You are in touch with the powers of death.


Message History

You puncture the shadow dragon skeleton!
You freeze the shadow dragon skeleton.
The shadow dragon skeleton is almost destroyed.
Something hits you but does no damage.
You block the shadow dragon skeleton's attack. x3
You hit the shadow dragon skeleton.
You destroy the shadow dragon skeleton!
You hit the iron dragon skeleton but do no damage.
The area is suffused with divine lightning!
The blast of lightning engulfs the iron dragon skeleton!!!
The blast of lightning engulfs something!!!
Reactivating autopickup.
You hear a shout!
You block the iron dragon skeleton's attack.
The iron dragon skeleton claws you.
You block the iron dragon skeleton's attack.
You completely miss the iron dragon skeleton.
The iron dragon skeleton is heavily damaged.
You bludgeon the iron dragon skeleton!! You freeze the iron dragon skeleton.
The iron dragon skeleton is severely damaged.
The iron dragon skeleton bites you but does no damage.
You block the iron dragon skeleton's attack. x2
You bludgeon the iron dragon skeleton!! You freeze the iron dragon skeleton.
The iron dragon skeleton is almost destroyed.
You hit the iron dragon skeleton but do no damage.
The iron dragon skeleton is almost destroyed.
You hit the iron dragon skeleton but do no damage.
The iron dragon skeleton is almost destroyed.
You block the iron dragon skeleton's attack.
The iron dragon skeleton claws you but does no damage.
The iron dragon skeleton tramples you but does no damage.
You hit the iron dragon skeleton but do no damage.
The iron dragon skeleton is almost destroyed.
You hit the iron dragon skeleton but do no damage.
The iron dragon skeleton is almost destroyed.
The revenant conjures spectral mists around you.
The spectral mist engulfs you but does no damage.
The iron dragon skeleton bites you.
You block the iron dragon skeleton's attack.
The iron dragon skeleton tramples you but does no damage.
You hit the iron dragon skeleton.
The iron dragon skeleton is almost destroyed.
The revenant gestures at you while chanting.
You convulse!
You thump the iron dragon skeleton!
You destroy the iron dragon skeleton!
A yak skeleton comes into view.
The revenant completely misses you.
You hit the revenant but do no damage.
A necrophage comes into view.
You block the spectral shadow dragon's attack. x2
The spectral shadow dragon claws you but does no damage.
Your shield and plate armour prevent you from hitting the revenant.
The revenant hits you but does no damage.
You block the spectral ettin's attack.
The spectral ettin hits you but does no damage.
The spectral shadow dragon bites you but does no damage.
You block the spectral shadow dragon's attack.
The spectral shadow dragon claws you.
The spectral iron dragon bites you but does no damage.
The spectral iron dragon barely misses you.
The spectral iron dragon tramples you but does no damage.
You puncture the revenant! You freeze the revenant.
The revenant is lightly damaged.
You block the revenant's attack.
The spectral ettin hits you but does no damage.
You block the spectral ettin's attack.
The spectral shadow dragon bites you but does no damage.
The spectral shadow dragon claws you but does no damage. x2
You thump the revenant!
The revenant is moderately damaged.
You block the spectral iron dragon's attack.
The spectral iron dragon claws you.
You block the spectral iron dragon's attack.
You barely miss the revenant.
The revenant is moderately damaged.
The revenant points at you and mumbles some strange words.
You convulse!
You block the spectral shadow dragon's attack.
The spectral shadow dragon barely misses you.
You block the spectral shadow dragon's attack.
You block the spectral ettin's attack. The spectral ettin hits you!!
* * * LOW HITPOINT WARNING * * *
The spectral iron dragon bites you but does no damage.
The spectral iron dragon claws you but does no damage.
The spectral iron dragon tramples you but does no damage.
Your shield and plate armour prevent you from hitting the revenant.
The revenant is moderately damaged.
The spectral ettin fades away!
The revenant hits you.
* * * LOW HITPOINT WARNING * * *
The spectral shadow dragon bites you but does no damage.
You block the spectral shadow dragon's attack. x2
Press: ? - help, v - describe, . - travel
Here: a revenant (spectral mist, moderately damaged)
The floor.
Okay, then.
The revenant casts a spell at you.
You convulse!
You die...
Xom thinks this is hilarious!

....# ...
...# ...
#..#####.#
#........#
#.......n#
#.....°..#
#...Z....####
#$<.@○L......
#....°Z.../..
#..Z.#######.
#....# #....#
#....# .....#
......#


You could see a revenant, a spectral shadow dragon, a spectral iron dragon, a
necrophage and a yak skeleton.

Vanquished Creatures
  Margery (Vaults:3)
  Saint Roka (Vaults:1)
  A bone dragon (Vaults:3)
  A Tzitzimitl (Vaults:3)
  A doom hound (Vaults:3)
  2 tentacled monstrosities (Vaults:1)
  The ghost of Kuqudo the Fiendish, an adept DDFi of Makhleb (Vaults:1)
  Gastronok (D:8)
  A shadow dragon (Vaults:3)
  A sphinx (Vaults:1)
  12 nagarajas
  5 thorn hunters
  Donald (Snake:4)
  7 vault wardens
  A fire giant (D:15)
  4 deep elf sorcerers
  A frost giant (Vaults:3)
  Aizul (Vaults:2)
  A cacodemon (Vaults:1)
  A curse skull (Vaults:2)
  7 ironheart preservers
  8 very ugly things
  4 stone giants
  A deep elf demonologist (Vaults:4)
  A dire elephant (D:15)
  4 deep elf annihilators
  A white draconian (WizLab)
  4 spark wasps
  2 minotaurs
  4 fire dragons
  7 yaktaur captains
  A quicksilver dragon skeleton (Crypt:1)
  21 naga warriors
  3 great orbs of eyes
  13 vault guards
  8 ogre magi
  4 rakshasas
  A shambling mangrove (Swamp:2)
  29 hydras
  3 ice dragons
  A catoblepas (Lair:6)
  A peacekeeper (Elf:1)
  8 centaur warriors
  2 ghost crabs
  A hell beast (Vaults:3)
  11 anacondas
  A queen ant (Gauntlet)
  15 alligators
  21 two-headed ogres
  12 dancing weapons
  A death knight (Vaults:2)
  A deep troll earth mage (D:15)
  2 death yaks
  3 orc high priests (Orc:2)
  A vampire mage (Depths:1)
  2 hell knights (Vaults:3)
  12 naga sharpshooters
  2 thrashing horrors (WizLab)
  5 shock serpents
  21 deep elf knights
  3 shadow wraiths
  A soul eater (Orc:2)
  Nergalle (D:10)
  A sun demon (Orc:2)
  2 spriggan druids (Swamp:4)
  5 skeletal warriors (Vaults:2)
  3 unseen horrors
  A sea snake (shapeshifter) (Vaults:1)
  3 gelid demonspawn (Orc:2)
  A glowing orange brain (Vaults:1)
  A death drake (Lair:1)
  A flayed ghost (Vaults:3)
  A sixfirhy (Gauntlet)
  An obsidian statue (WizLab)
  23 deep elf archers
  19 deep trolls
  A harpy (shapeshifter) (Vaults:2)
  14 swamp dragons
  7 wizards
  4 lindwurms
  7 naga ritualists
  Pikel (D:9)
  13 orc knights
  6 wolf spiders
  12 ironbrand convokers
  24 ugly things
  63 deep elf magi
  9 orc sorcerers
  11 salamanders
  2 necromancers (Vaults:3)
  A shadow dragon skeleton (Crypt:1)
  4 cyclopes
  An oklob plant (Snake:2)
  3 manticores
  4 large abominations
  4 centaur zombies
  13 mana vipers
  Maurice (D:9)
  A worldbinder (WizLab)
  An iron dragon skeleton (Crypt:1)
  A torpor snail (Lair:2)
  Joseph (D:9)
  An apocalypse crab (WizLab)
  A stone giant skeleton (WizLab)
  37 black mambas
  24 naga magi
  4 guardian serpents
  12 vault sentinels
  2 gargoyles (D:12)
  27 spiny frogs
  9 komodo dragons
  5 rime drakes
  A yaktaur (shapeshifter) (D:15)
  6 freezing wraiths
  49 yaktaurs
  A redback zombie (D:13)
  A tengu conjurer (D:14)
  2 kobold demonologists (D:14)
  3 hellwings
  An ice devil (WizLab)
  3 ancient zymes (WizLab)
  A red devil (WizLab)
  13 trolls
  A wind drake (shapeshifter) (D:14)
  6 hornets
  Grinder (D:4)
  A polar bear (shapeshifter) (Vaults:3)
  3 bog bodies
  A meliai zombie (D:14)
  28 blink frogs
  13 tyrant leeches
  Prince Ribbit (D:7)
  3 saltlings (Elf:1)
  14 slime creatures
  9 hippogriffs
  A fire giant simulacrum (Crypt:1)
  A human simulacrum (Vaults:3)
  4 starcursed masses (WizLab)
  A centaur simulacrum (D:10)
  2 air elementals
  2 shadows
  6 water elementals
  2 vampires
  2 spriggans (Swamp:4)
  A tarantella (Snake:4)
  7 wraiths
  34 yaks
  A yak (shapeshifter) (Vaults:4)
  A fire bat (shapeshifter) (Vaults:1)
  A fire bat (Volcano)
  4 basilisks
  5 wyverns
  4 fire elementals
  2 hungry ghosts (D:10)
  5 spatial vortices (WizLab)
  28 vampire mosquitoes
  3 chaos spawn (Orc:2)
  16 swamp worms
  16 insubstantial wisps
  Menkaure (D:6)
  67 nagas
  5 soldier ants (Gauntlet)
  2 acid dragons (Vaults:2)
  8 wargs
  2 hell hounds (Volcano)
  10 porcupines
  A water moccasin (shapeshifter) (Vaults:1)
  13 swamp drakes
  A faun skeleton (Crypt:1)
  A black bear (shapeshifter) (Vaults:4)
  A human skeleton (WizLab)
  7 ice beasts
  11 water moccasins
  4 black bears
  3 slaves (D:9)
  2 phantoms (D:10)
  34 orc warriors
  A sky beast (shapeshifter) (Vaults:4)
  3 sky beasts
  A necrophage (D:13)
  An eye of draining (D:15)
  6 wolves (Lair:1)
  20 ogres
  A centaur (shapeshifter) (Vaults:1)
  13 boggarts
  9 centaurs
  7 crocodiles
  A crocodile (shapeshifter) (Vaults:1)
  3 big kobolds
  25 bullfrogs
  3 earth elementals
  A bullfrog (shapeshifter) (Vaults:1)
  10 scorpions
  A wyvern skeleton (D:14)
  5 small abominations
  12 killer bees
  27 wights
  An electric eel (Lair:6)
  4 howler monkeys
  8 crimson imps
  2 bullfrog zombies
  A quasit (D:8)
  A wyvern simulacrum (D:10)
  A hound (shapeshifter) (Vaults:1)
  9 hounds
  2 jellies
  5 centaur skeletons
  26 orc priests
  19 orc wizards
  3 bullfrog skeletons
  9 iguanas
  11 worker ants
  A killer bee zombie (D:5)
  2 hound skeletons
  A hound zombie (D:8)
  A worker ant zombie (D:10)
  8 adders
  A river rat (D:3)
  2 shadow imps
  5 white imps
  A worker ant simulacrum (D:10)
  5 ufetubi
  An ooze (D:3)
  An adder skeleton (D:9)
  An adder zombie (D:5)
  2 worms
  A dart slug (D:1)
  4 leopard geckos
  89 orcs
  2 ball pythons
  A bat (shapeshifter) (Vaults:1)
  6 bats
  6 giant cockroaches
  4 goblins (D:3)
  A hobgoblin (shapeshifter) (Vaults:1)
  12 hobgoblins
  3 jackals (D:1)
  7 quokkas
  6 frilled lizards
  A giant cockroach zombie (D:6)
  A jackal zombie (D:5)
  13 kobolds
  2 quokka zombies
  6 rats
  A plant (Snake:2)
1626 creatures vanquished.

Vanquished Creatures (collateral kills)
  An eldritch tentacle (WizLab)
  A vault warden (Vaults:3)
  An alligator (Swamp:4)
  A deep elf archer (Vaults:3)
  A necromancer (Vaults:3)
  3 ugly things (D:15)
  A naga mage (Snake:2)
  3 spiny frogs (Lair:6)
  A hippogriff (Lair:6)
  A blink frog (Lair:6)
  2 nagas (Snake:1)
  An orc warrior (D:5)
  A phantom (D:8)
  An ogre (D:5)
  A crocodile (Lair:6)
  A crimson imp (D:5)
  An orc priest (D:3)
  2 orc wizards
  A worm (D:3)
  6 orcs
  A goblin (D:3)
32 creatures vanquished.

Vanquished Creatures (others)
  An alligator (Swamp:3)
  3 dancing weapons
  2 deep trolls (Depths:1)
  A spriggan druid (Swamp:4)
  A necromancer (Crypt:1)
  A mana viper (Snake:1)
  A slime creature (Swamp:4)
  A hippogriff (Lair:6)
  A vampire mosquito (Swamp:1)
  An ogre (Vaults:3)
  A centaur (D:9)
  3 killer bees (D:8)
  A hound (D:9)
  A dart slug (shapeshifter) (Vaults:1)
  3 briar patches
  15 fungi
  48 plants
  6 toadstools (Lair:4)
91 creatures vanquished.

Grand Total: 1749 creatures vanquished

Notes
Turn   | Place    | Note
-------+----------+-------------------------------------------
     0 | D:1      | EnegeticOcto the Mummy Chaos Knight began the quest for the
                  | Orb.
     0 | D:1      | Reached XP level 1. HP: 18/18 MP: 1/1
   317 | D:1      | Reached XP level 2. HP: 24/24 MP: 2/2
   322 | D:1      | You fall into a shaft and drop 1 floor!
   477 | D:1      | XOM: harmless Hex miscast
   710 | D:1      | You fall into a shaft and drop 1 floor!
   772 | D:2      | Found a hazy altar of Hepliaklqana.
   773 | D:2      | Found a shimmering altar of Xom.
   795 | D:2      | Reached XP level 3. HP: 26/30 MP: 3/3
  1249 | D:2      | Found a runed translucent door.
  1250 | D:2      | Noticed Crazy Yiuf
  1375 | D:2      | Noticed an orc warrior
  1392 | D:2      | XOM: god gift: 14 arrows
  1407 | D:2      | XOM: noise
  1517 | D:2      | XOM: mild Tmut miscast
  1517 | D:2      | XOM: smoke on damage
  1734 | D:3      | Reached XP level 4. HP: 16/38 MP: 4/4
  1896 | D:3      | XOM: noise
  1909 | D:3      | Noticed a bullfrog
  1922 | D:3      | Killed a bullfrog
  1927 | D:3      | XOM: mild Air miscast
  1931 | D:3      | Reached XP level 5. HP: 39/43 MP: 5/5
  1967 | D:3      | XOM: polymorph ooze -> river rat
  2069 | D:3      | XOM: butterfly on damage
  2075 | D:3      | Reached skill level 5 in Fighting
  2087 | D:3      | XOM: noise
  2235 | D:3      | XOM: cast spell 'Summon Dragon'
  2235 | D:3      | XOM: smoke on damage
  2435 | D:3      | Reached XP level 6. HP: 47/51 MP: 6/6
  2623 | D:3      | XOM: harmless Chrm miscast
  2784 | D:4      | XOM: mild Hex miscast
  2861 | D:4      | XOM: harmless Fire miscast
  2933 | D:4      | XOM: fog
  2939 | D:4      | HP: 1/51 [ogre/cursed -2 giant club (21)]
  2942 | D:4      | XOM: cast spell 'Metabolic Englaciation'
  3406 | D:4      | Reached skill level 5 in Maces & Flails
  3500 | D:4      | Noticed Grinder
  3500 | D:4      | Paralysed by Grinder for 4 turns
  3517 | D:4      | XOM: divination: detect items
  3525 | D:4      | Killed Grinder
  3525 | D:4      | Reached XP level 7. HP: 49/58 MP: 7/7
  3587 | D:4      | XOM: scenery: create altars
  3594 | D:4      | XOM: enchant monster (good)
  3810 | D:4      | XOM: butterfly on damage
  3889 | D:4      | XOM: scenery: create altars
  4049 | D:4      | XOM: god gift: twisted runed staff {god gift}
  4113 | D:5      | XOM: noise
  4113 | D:5      | Entered Level 5 of the Dungeon
  4191 | D:5      | XOM is BORED!
  4202 | D:5      | XOM: cleaving
  4429 | D:5      | XOM: confuse monster(s)
  4442 | D:5      | Reached XP level 8. HP: 59/65 MP: 8/8
  4485 | D:5      | XOM: divination: magic mapping
  4496 | D:5      | Found an opulent altar of Gozag.
  4688 | D:5      | Found a staircase to the Ecumenical Temple.
  5274 | D:6      | XOM: summons 5 friendly demons
  5509 | D:6      | Reached skill level 1 in Evocations
  5541 | D:6      | Noticed Menkaure
  5549 | D:6      | Killed Menkaure
  5990 | D:6      | XOM: harmless Chrm miscast
  6101 | D:6      | XOM: 1-stop teleportation journey
  6116 | D:6      | XOM: enchant monster (good)
  6267 | D:6      | XOM: god gift: great mace {god gift}
  6425 | D:6      | XOM: medium Erth miscast
  7096 | D:7      | Found a white marble altar of Elyvilon.
  7096 | D:7      | Found a shimmering blue altar of Sif Muna.
  7097 | D:7      | Found an ornate altar of the Wu Jian Council.
  7260 | D:7      | XOM: fog
  7260 | D:7      | Noticed WhatIsLove's ghost (novice HOMo)
  7270 | D:7      | XOM: potion effect (haste)
  7271 | D:7      | XOM: confuse monster(s)
  7275 | D:7      | Reached XP level 9. HP: 68/73 MP: 10/10
  7314 | D:7      | Found a bloodstained altar of Trog.
  7314 | D:7      | Noticed a moth of wrath
  7320 | D:7      | Found a transporter.
  7328 | D:7      | Found a transporter.
  7440 | D:7      | XOM: harmless Air miscast
  7443 | D:7      | XOM: scenery: create altars
  7472 | D:7      | XOM is BORED!
  7472 | D:7      | XOM: mild Ice miscast
  7537 | D:7      | Noticed Prince Ribbit
  7557 | D:7      | Killed Prince Ribbit
  7811 | D:7      | XOM: 1-stop teleportation journey
  8174 | D:8      | XOM: confusion (+ monsters)
  8322 | D:8      | Found a stormy altar of Qazlal.
  8322 | D:8      | Found a glowing golden altar of the Shining One.
  8411 | D:8      | XOM: summons friendly white imp
  8703 | D:8      | XOM: mild Air miscast
  8720 | D:8      | XOM: 3-stop teleportation journey
  8723 | D:8      | XOM: destruction
  8737 | D:8      | XOM: summons 3 friendly demons
  9019 | D:8      | XOM: scenery: create altars
  9065 | D:8      | XOM: destruction
  9471 | D:8      | Noticed Gastronok
  9633 | D:8      | XOM: scenery: create altars
  9635 | D:8      | Killed Gastronok
  9635 | D:8      | Reached XP level 10. HP: 59/83 MP: 11/13
  9888 | D:8      | XOM: scenery: create altars
  9897 | D:8      | XOM: blink monster(s)
 10286 | D:9      | Reached skill level 10 in Maces & Flails
 10348 | D:9      | Noticed Maurice
 10395 | D:9      | XOM: smoke on damage
 10477 | D:9      | Found Yddamp's Armour Shop.
 10478 | D:9      | Noticed Joseph
 10502 | D:9      | Killed Joseph
 10614 | D:9      | Bought a +2 pair of gloves of strength for 301 gold pieces
 10648 | D:9      | Killed Maurice
 10648 | D:9      | Reached skill level 5 in Evocations
 10736 | D:9      | Noticed Pikel
 10755 | D:9      | XOM: summons 7 friendly demons
 10763 | D:9      | Killed Pikel
 10864 | D:9      | Noticed a two-headed ogre
 11225 | D:9      | XOM: scenery: 1 doors close
 11404 | D:10     | Entered Level 10 of the Dungeon
 11417 | D:10     | Noticed Nergalle
 11427 | D:10     | XOM: polymorph ufetubus -> white imp
 11443 | D:9      | XOM: chaos cloud
 11447 | D:9      | XOM: divination: detect creatures
 11449 | D:9      | XOM: cast spell 'Leda's Liquefaction'
 11451 | D:9      | Noticed a fire crab
 11451 | D:9      | a polar bear changed into a fire crab
 11451 | D:9      | XOM: polymorph polar bear -> fire crab
 11453 | D:9      | XOM: summons friendly shadow imp
 11464 | D:9      | a fire crab changed into a yaktaur
 11464 | D:9      | XOM: polymorph fire crab -> yaktaur
 11472 | D:9      | XOM: divination: detect items
 11626 | D:9      | XOM: summons 5 hostile demons
 11630 | D:10     | Noticed a spectral orc warlord
 11788 | D:10     | XOM: smoke on damage
 11791 | D:10     | XOM: confuse monster(s)
 11798 | D:10     | XOM: confuse monster(s)
 11799 | D:10     | Killed Nergalle
 11799 | D:10     | Reached skill level 10 in Fighting
 11799 | D:10     | Reached XP level 11. HP: 86/90 MP: 14/14
 11891 | D:10     | XOM: enchant monster (good)
 11892 | D:10     | XOM: summons 3 friendly demons
 12127 | D:10     | XOM: cast spell 'Summon Butterflies'
 12258 | D:10     | Found a staircase to the Orcish Mines.
 12306 | D:10     | Noticed an ogre mage
 12328 | D:10     | Killed an ogre mage
 12328 | D:10     | Identified the +3 mace of Contention {pain, rPois rC+ Str+5
                  | Dex-4}
 12328 | D:10     | Noticed a yaktaur captain
 12345 | D:10     | Killed a yaktaur captain
 12762 | D:10     | XOM: enchant monster (bad)
 12888 | D:10     | XOM: god gift: 19 gold pieces
 13161 | D:10     | XOM: potion effect (stabbing)
 13177 | D:10     | XOM: summons 8 friendly demons
 13255 | D:10     | XOM: cloud trail
 13406 | D:7      | XOM: cloud trail
 13556 | D:11     | Found Zogoh's Magic Scroll Emporium.
 13559 | D:11     | Bought a scroll of teleportation for 48 gold pieces
 13559 | D:11     | Bought a scroll of identify for 32 gold pieces
 13606 | D:11     | XOM: god gift: 14 arrows
 13813 | D:11     | Reached skill level 1 in Shields
 13838 | D:11     | XOM: divination: detect items
 13868 | D:11     | Noticed a two-headed ogre
 13879 | D:11     | Killed a two-headed ogre
 13975 | D:11     | XOM: god gift: glowing leather armour {god gift}
 14013 | D:11     | Noticed a green ugly thing
 14028 | D:11     | Killed a green ugly thing
 14028 | D:11     | Reached skill level 2 in Shields
 14048 | D:11     | XOM: fog
 14171 | D:11     | XOM: fog
 14390 | D:11     | Got a bound iron ring
 14433 | D:11     | Found a staircase to the Lair.
 14613 | D:11     | Bought a scroll of identify for 32 gold pieces
 14613 | D:11     | Identified the ring of Hahiquwi {rElec rF+ rN+} (You found
                  | it on level 11 of the Dungeon)
 14680 | D:11     | XOM: mild Conj miscast
 14693 | Lair:1   | Entered Level 1 of the Lair of Beasts
 14696 | Lair:1   | Noticed a death drake
 14696 | Lair:1   | a komodo dragon changed into a death drake
 14696 | Lair:1   | XOM: polymorph komodo dragon -> death drake
 14697 | Lair:1   | XOM: blink monster(s)
 14722 | D:11     | Reached skill level 3 in Shields
 14791 | D:11     | XOM: summons 1 hostile shadow creature
 14812 | D:11     | XOM: stat loss: -1 Int (11/12)
 14882 | Lair:1   | Killed a death drake
 14882 | Lair:1   | Reached XP level 12. HP: 98/98 MP: 16/16
 15131 | Lair:1   | XOM: mild Necr miscast
 15134 | Lair:1   | XOM: medium Chrm miscast
 15144 | Lair:1   | XOM: harmless Pois miscast
 15153 | Lair:1   | Reached skill level 4 in Shields
 15155 | Lair:1   | XOM: summons 2 hostile shadow creatures
 15158 | Lair:1   | XOM: enchant monster (bad)
 15169 | Lair:1   | XOM: harmless Necr miscast
 15172 | Lair:1   | XOM: noise
 15177 | Lair:1   | XOM: harmless Hex miscast
 15456 | Lair:1   | XOM: confusion
 15458 | Lair:1   | XOM: noise
 15459 | Lair:1   | XOM: blink monster(s)
 15474 | Lair:1   | XOM: swap monsters
 15484 | Lair:1   | XOM: mild Summ miscast
 15508 | Lair:1   | Reached skill level 5 in Shields
 15538 | Lair:1   | XOM: cloud trail
 15661 | Lair:1   | XOM: 5-stop teleportation journey
 15706 | Lair:1   | XOM: silly message
 15874 | Lair:1   | XOM: harmless Hex miscast
 16007 | Lair:1   | XOM is BORED!
 16007 | Lair:1   | XOM: medium Summ miscast
 16121 | Lair:2   | Found a runed translucent door.
 16121 | Lair:2   | Found a shimmering altar of Xom.
 16121 | Lair:2   | Noticed Emblim88's ghost (journeyman GnFi)
 16122 | Lair:2   | Identified the +4 morningstar of the Sixty-Six Cities
                  | {chaos, *Slow rElec rPois rF++}
 16139 | Lair:2   | XOM: cast spell 'Leda's Liquefaction'
 16140 | Lair:2   | XOM: potion effect (brilliance)
 16141 | Lair:2   | XOM: cast spell 'Olgreb's Toxic Radiance'
 16142 | Lair:2   | XOM: mild Chrm miscast
 16269 | Lair:2   | XOM: destruction
 16329 | Lair:2   | XOM: fake destruction
 16338 | Lair:2   | XOM: harmless Necr miscast
 16358 | Lair:2   | XOM: harmless Ice miscast
 16662 | Lair:2   | XOM: harmless Erth miscast
 16720 | Lair:2   | Reached skill level 6 in Shields
 16726 | Lair:2   | Reached skill level 5 in Armour
 16743 | Lair:2   | XOM: mild Tloc miscast
 16747 | Lair:2   | XOM: potion effect (stabbing)
 16756 | Lair:2   | Found a staircase to the Snake Pit.
 16855 | Lair:2   | XOM: harmless Fire miscast
 17111 | Lair:2   | XOM is BORED!
 17111 | Lair:2   | XOM: harmless Air miscast
 17124 | Lair:2   | Noticed an eight-headed hydra
 17128 | Lair:2   | XOM: potion effect (invisibility)
 17134 | Lair:2   | Killed an eight-headed hydra
 17135 | Lair:2   | Noticed a four-headed hydra
 17147 | Lair:2   | XOM: cast spell 'Call Canine Familiar'
 17148 | Lair:2   | XOM: harmless Necr miscast
 17152 | Lair:2   | Killed a four-headed hydra
 17152 | Lair:2   | Reached skill level 7 in Shields
 17350 | Lair:2   | Found a staircase to the Swamp.
 17593 | Lair:2   | XOM: summons 4 hostile shadow creatures
 17594 | Lair:2   | Noticed a four-headed hydra
 17919 | Lair:3   | XOM: noise
 18053 | Lair:3   | XOM: harmless Ice miscast
 18254 | Lair:3   | XOM: medium Necr miscast
 18445 | Lair:3   | XOM: cleaving
 18472 | Lair:3   | XOM: harmless Air miscast
 18528 | Lair:3   | XOM: god gift: runed rapier {god gift}
 18618 | Lair:3   | XOM: god gift: faintly glowing brass ring {god gift}
 18621 | Lair:3   | Got a faintly glowing brass ring {god gift}
 18622 | Lair:3   | Identified the ring of Fekk {rN+ EV+2 Str+3} (Xom gifted it
                  | to you on level 3 of the Lair of Beasts)
 18643 | Lair:3   | XOM is BORED!
 18643 | Lair:3   | XOM: 1-stop teleportation journey
 18717 | Lair:3   | XOM: divination: detect items
 18988 | Lair:3   | XOM: 2-stop teleportation journey
 19105 | Lair:3   | Reached skill level 8 in Shields
 19258 | Lair:3   | XOM: mild Ice miscast
 19390 | Lair:4   | Gained mutation: You are in touch with the powers of death.
                  | [Mummy growth]
 19390 | Lair:4   | Reached XP level 13. HP: 104/104 MP: 17/17
 19429 | Lair:4   | XOM: cast spell 'Alistair's Intoxication'
 19432 | Lair:4   | XOM: cleaving
 19478 | Lair:4   | XOM: enchant monster (good)
 19639 | Lair:4   | XOM: noise
 19854 | Lair:4   | XOM: smoke on damage
 19959 | Lair:4   | XOM: noise
 19975 | Lair:4   | XOM: fog
 19976 | Lair:4   | XOM: cast spell 'Alistair's Intoxication'
 19990 | Lair:3   | XOM: noise
 20228 | Lair:3   | Reached skill level 9 in Shields
 20322 | Lair:4   | XOM: noise
 20384 | Lair:4   | Found the +8 whip "Snakebite" {curare, rPois}
 20530 | Lair:4   | Found a sparkling altar of Nemelex Xobeh.
 20763 | Lair:4   | Noticed a dire elephant
 20785 | Lair:4   | Found a runed translucent door.
 20849 | Lair:4   | XOM: divination: detect items
 21091 | Lair:5   | Noticed Rupert
 21097 | Lair:5   | XOM: smoke on damage
 21172 | Lair:6   | XOM: noise
 21172 | Lair:6   | Entered Level 6 of the Lair of Beasts
 21280 | Lair:6   | XOM: noise
 21431 | Lair:6   | XOM: harmless Tmut miscast
 21440 | Lair:6   | XOM: cleaving
 21462 | Lair:6   | Reached skill level 10 in Shields
 21557 | Lair:6   | Identified the Compendium of Lightness and the Glacier
 21654 | Lair:6   | XOM: noise
 21658 | Lair:6   | XOM: enchant monster (bad)
 21681 | Lair:6   | XOM: enchant monster (good)
 21747 | Lair:6   | XOM: cast spell 'Summon Horrible Things'
 21796 | Lair:6   | XOM: mild Necr miscast
 21909 | Lair:6   | XOM: summons 7 friendly demons
 21954 | Lair:6   | Reached skill level 11 in Shields
 22178 | Lair:6   | XOM: scenery: create altars
 22346 | Lair:6   | XOM: summons friendly white imp
 22358 | Lair:6   | XOM: 1-stop teleportation journey
 22408 | Lair:6   | XOM: cleaving
 22554 | Lair:6   | XOM: 1-stop teleportation journey
 22654 | Lair:6   | Found the amulet of the Four Winds {rN+ MR+++ Clar}
 22687 | Lair:6   | XOM: polymorph spiny frog -> black bear
 22930 | Lair:6   | XOM: blink monster(s)
 22979 | Lair:6   | XOM: summons friendly shadow imp
 23243 | Lair:6   | Identified a scroll of acquirement
 23244 | Lair:6   | Identified the ring "Fonkomp" {Int+3 Dex+4} (You acquired
                  | it on level 6 of the Lair of Beasts)
 23274 | Lair:6   | Reached XP level 14. HP: 111/111 MP: 18/18
 23425 | Lair:6   | XOM: 5-stop teleportation journey
 23566 | Lair:6   | Noticed Josephine
 23572 | Lair:6   | Noticed Josephine
 23572 | Lair:6   | Josephine changed into Josephine the two-headed ogre
 23574 | Lair:6   | XOM: harmless Tmut miscast
 23582 | Lair:6   | Killed Josephine the two-headed ogre
 23619 | Lair:5   | Got a warped jade ring
 23666 | Lair:6   | Identified the ring "Sicsalon" {rElec rF- Str+5 Int+3
                  | Stlth-} (You found it on level 5 of the Lair of Beasts)
 23846 | Lair:5   | Found a staircase to the Slime Pits.
 23846 | Lair:5   | Found a viscous altar of Jiyva.
 23851 | Lair:5   | XOM: polymorph seven-headed hydra -> minotaur
 24184 | Orc:1    | Entered Level 1 of the Orcish Mines
 24350 | Orc:1    | Reached skill level 12 in Shields
 24525 | Orc:1    | Found a dark tunnel.
 24573 | Volcano  | Entered a volcano
 24785 | Volcano  | XOM: harmless Tloc miscast
 24807 | Volcano  | XOM: summons friendly crimson imp
 25293 | Orc:1    | XOM: chaos upgrade
 25352 | Orc:1    | XOM: summons 3 hostile shadow creatures
 25560 | Orc:1    | XOM: summons 1 hostile demon
 25662 | Orc:1    | XOM: mild Chrm miscast
 25670 | Orc:1    | XOM: scenery: create altars
 25754 | Orc:2    | Entered Level 2 of the Orcish Mines
 25808 | Orc:2    | XOM: 2-stop teleportation journey
 25975 | Orc:2    | Found a flickering gateway to a bazaar.
 25983 | Bazaar   | Entered a bazaar
 25983 | Bazaar   | Found Wehyoc's General Store.
 25983 | Bazaar   | Found Ichumm's General Store.
 26003 | Bazaar   | Found Qaymyshry's General Store.
 26003 | Bazaar   | Found Sionios's General Store.
 26031 | Bazaar   | Found Siluph's General Store.
 26031 | Bazaar   | Found Ydghenk's General Store.
 26053 | Bazaar   | Found Liwn's General Store.
 26053 | Bazaar   | Found Junayzaawn's General Store.
 26082 | Bazaar   | Bought a scroll of summoning for 133 gold pieces
 26100 | Bazaar   | Bought a box of beasts for 340 gold pieces
 26161 | Orc:2    | Found a staircase to the Elven Halls.
 26263 | Orc:2    | XOM: medium Fire miscast
 26759 | Orc:2    | XOM: swap monsters
 26771 | Orc:2    | Found Ziceuwk's Distillery.
 26942 | Orc:2    | Found Ibbisu's Distillery.
 26971 | Orc:2    | XOM: confuse monster(s)
 27080 | Orc:2    | XOM: cast spell 'Olgreb's Toxic Radiance'
 27302 | Orc:2    | XOM: enchant monster (good)
 27309 | Orc:2    | XOM: cast spell 'Leda's Liquefaction'
 27321 | Orc:2    | XOM: harmless Conj miscast
 27325 | Orc:2    | XOM: noise
 27329 | Orc:2    | XOM: noise
 27334 | Orc:2    | XOM: noise
 27610 | Orc:2    | XOM: harmless Air miscast
 27951 | Orc:2    | XOM: cloud trail
 28107 | Orc:2    | XOM: divination: magic mapping
 28148 | Orc:2    | XOM: harmless Erth miscast
 28177 | Orc:2    | XOM: cast spell 'Olgreb's Toxic Radiance'
 28204 | Orc:2    | XOM: harmless Necr miscast
 28321 | Orc:2    | XOM: potion effect (brilliance)
 28324 | Orc:2    | XOM: mild Tmut miscast
 28336 | Orc:2    | Reached skill level 13 in Shields
 28360 | Orc:2    | Found Epniechyub's Antique Weapon Shoppe.
 28360 | Orc:2    | Found Myuddan's Book Emporium.
 28361 | Orc:2    | Found a one-way gate leading to the halls of Pandemonium.
 28545 | D:12     | Noticed Erolcha
 28547 | D:12     | XOM: mild Conj miscast
 28570 | D:12     | XOM: harmless Erth miscast
 28571 | D:12     | Noticed Erolcha
 28571 | D:12     | Erolcha changed into Erolcha the yak
 28571 | D:12     | XOM: polymorph Erolcha -> Erolcha the yak
 28579 | D:12     | Killed Erolcha the yak
 28671 | D:12     | XOM: medium Hex miscast
 28886 | D:12     | Found Jafic's Pet Rocks.
 29025 | D:12     | Found a sparkling altar of Nemelex Xobeh.
 29559 | D:12     | XOM: medium Air miscast
 29583 | D:13     | XOM: confuse monster(s)
 29616 | D:13     | XOM: stat loss: -1 Int (11/12)
 29627 | D:13     | Reached XP level 15. HP: 96/120 MP: 21/21
 29730 | D:13     | XOM: fog
 29736 | D:13     | XOM: medium Tmut miscast
 29812 | D:13     | XOM: enchant monster (good)
 29895 | D:13     | XOM is BORED!
 29895 | D:13     | XOM: swap monsters
 29957 | D:13     | Found a large runed translucent door.
 29957 | D:13     | Found a large runed translucent door.
 30040 | D:13     | XOM: scenery: create altars
 30119 | D:13     | XOM: polymorph orc wizard -> iguana
 30357 | D:13     | XOM: medium Conj miscast
 30513 | D:14     | Found a gate leading to a gauntlet.
 30518 | D:14     | XOM: swap monsters
 30532 | Gauntlet | Entered a Gauntlet
 30532 | Gauntlet | Found a transporter.
 30532 | Gauntlet | Found a transporter.
 30532 | Gauntlet | Found a transporter.
 30551 | Gauntlet | Found a transporter.
 30553 | Gauntlet | Found a transporter.
 30559 | Gauntlet | Found a transporter.
 30562 | Gauntlet | Found a transporter.
 30570 | Gauntlet | Found a transporter.
 30578 | Gauntlet | XOM is BORED!
 30589 | Gauntlet | Found a transporter.
 30600 | Gauntlet | XOM: scenery: create altars
 30606 | Gauntlet | Found a transporter.
 30609 | Gauntlet | Found a transporter.
 30619 | Gauntlet | Found a transporter.
 30707 | Gauntlet | XOM: god gift: wand of digging (4)
 30718 | Gauntlet | XOM: cleaving
 30728 | Gauntlet | XOM: cast spell 'Summon Butterflies'
 30861 | Gauntlet | XOM: potion effect (invisibility)
 30945 | Gauntlet | Identified the Grimoire of Slime
 31224 | D:14     | XOM: noise
 31242 | D:14     | Reached skill level 10 in Evocations
 31245 | D:14     | Found a gate to the Vaults.
 31258 | D:14     | XOM: smoke on damage
 31269 | D:14     | XOM: confuse monster(s)
 31300 | D:14     | XOM: enchant monster (bad)
 31360 | D:14     | XOM: divination: magic mapping
 31410 | D:14     | Identified the ring of Serendipity {Wiz Int+2 SInv}
 31417 | D:14     | XOM: mild Chrm miscast
 31425 | D:14     | Reached skill level 14 in Shields
 31473 | D:14     | XOM: enchant monster (good)
 31481 | D:14     | XOM: 1-stop teleportation journey
 31973 | D:15     | Entered Level 15 of the Dungeon
 31985 | D:15     | XOM: scenery: create altars
 31995 | D:15     | XOM: confuse monster(s)
 32032 | D:15     | Noticed Jorgrun
 32034 | D:15     | XOM: potion effect (invisibility)
 32042 | D:15     | XOM: confuse monster(s)
 32043 | D:15     | Noticed Jorgrun
 32043 | D:15     | Jorgrun changed into Jorgrun the dire elephant
 32043 | D:15     | XOM: polymorph Jorgrun -> Jorgrun the dire elephant
 32058 | D:15     | Killed Jorgrun the dire elephant
 32327 | D:15     | XOM: fog
 32335 | D:15     | XOM: enchant monster (good)
 32338 | D:15     | XOM: summons friendly sun demon
 32724 | D:15     | XOM: cleaving
 32733 | D:15     | XOM: summons friendly iron imp
 32741 | D:15     | XOM: enchant monster (good)
 32886 | D:15     | XOM: god gift: 4 rations
 32903 | D:15     | XOM: confuse monster(s)
 32912 | D:15     | XOM: potion effect (haste)
 32928 | D:15     | XOM: confuse monster(s)
 32963 | D:15     | XOM: cleaving
 33356 | Swamp:1  | Entered Level 1 of the Swamp
 33382 | Swamp:1  | XOM: medium Ice miscast
 33453 | Swamp:1  | XOM: harmless Ice miscast
 33546 | Swamp:1  | Noticed fly's ghost (journeyman DDFi)
 33558 | Swamp:1  | Found a transporter.
 33575 | Swamp:1  | Found a transporter.
 33589 | Swamp:1  | Found Safag's Island Escapes.
 33654 | Swamp:1  | XOM: summons 7 hostile demons
 33657 | Swamp:1  | XOM: polymorph quasit -> white imp
 33716 | Swamp:1  | Reached XP level 16. HP: 61/131 MP: 23/23
 33718 | Swamp:1  | XOM: cleaving
 33757 | Swamp:1  | XOM: noise
 33914 | Swamp:1  | XOM: mild Tmut miscast
 34200 | Swamp:1  | XOM: harmless Conj miscast
 34209 | Swamp:1  | XOM: medium Summ miscast
 34218 | Swamp:1  | XOM: 4-stop teleportation journey
 34291 | Swamp:1  | XOM: medium Tloc miscast
 34577 | Swamp:1  | Reached skill level 15 in Shields
 34589 | Swamp:1  | XOM: harmless Tloc miscast
 35039 | Swamp:1  | XOM: medium Hex miscast
 35085 | Swamp:1  | XOM: summons 2 hostile shadow creatures
 35142 | Lair:2   | XOM: stat loss: -1 Str (26/27)
 35292 | D:9      | Bought a +2 pair of boots of flying for 301 gold pieces
 35463 | Swamp:1  | Bought a scroll of blinking for 97 gold pieces
 35463 | Swamp:1  | Bought a scroll of blinking for 97 gold pieces
 35463 | Swamp:1  | Bought a scroll of teleportation for 39 gold pieces
 35610 | Swamp:1  | XOM: noise
 35688 | Swamp:2  | Noticed a thorn hunter
 35706 | Swamp:2  | Killed a thorn hunter
 35883 | Swamp:2  | XOM: harmless Chrm miscast
 35926 | Swamp:2  | XOM: harmless Hex miscast
 35994 | Swamp:2  | Noticed a thorn hunter
 36150 | Swamp:2  | XOM: enchant monster (bad)
 36170 | Swamp:2  | a thorn hunter changed into a shambling mangrove
 36170 | Swamp:2  | XOM: polymorph thorn hunter -> shambling mangrove
 36185 | Swamp:2  | XOM: potion effect (stabbing)
 36393 | Swamp:2  | XOM: harmless Summ miscast
 36468 | Swamp:2  | Noticed a thorn hunter
 36481 | Swamp:2  | XOM: enchant monster (good)
 36496 | Swamp:2  | Killed a thorn hunter
 36533 | Swamp:2  | XOM: 6-stop teleportation journey
 36865 | Swamp:2  | XOM: potion effect (stabbing)
 36879 | Swamp:2  | XOM: potion effect (invisibility)
 36989 | Swamp:2  | XOM: cast spell 'Metabolic Englaciation'
 37490 | Swamp:3  | XOM: god gift: 22 stones
 37598 | Swamp:3  | Found a transporter.
 37610 | Swamp:3  | Found a transporter.
 37640 | Swamp:3  | XOM: enchant monster (good)
 37806 | Swamp:3  | Noticed a thorn hunter
 37904 | Swamp:3  | XOM: cleaving
 38078 | Swamp:3  | XOM: harmless Necr miscast
 38097 | Swamp:3  | XOM: god gift: lumpy white potion {god gift}
 38163 | Swamp:3  | XOM: polymorph thorn hunter -> thorn hunter
 38166 | Swamp:3  | Killed a thorn hunter
 38438 | Swamp:4  | Entered Level 4 of the Swamp
 38465 | Swamp:4  | XOM: smoke on damage
 38470 | Swamp:4  | XOM: potion effect (curing)
 38633 | Swamp:4  | XOM: mild Summ miscast
 38780 | Swamp:4  | XOM: summons 4 friendly demons
 38813 | Swamp:4  | XOM: summons 4 friendly demons
 38825 | Swamp:4  | Noticed a thorn hunter
 38833 | Swamp:4  | XOM: cleaving
 39166 | Swamp:4  | Noticed a thorn hunter
 39168 | Swamp:4  | XOM: fog
 39176 | Swamp:4  | XOM: divination: magic mapping
 39180 | Swamp:4  | XOM: cast spell 'Chain of Chaos'
 39626 | Swamp:4  | Killed a thorn hunter
 39707 | Swamp:4  | Killed a thorn hunter
 39707 | Swamp:4  | Reached skill level 16 in Shields
 39707 | Swamp:4  | Reached XP level 17. HP: 61/139 MP: 25/25
 39976 | Swamp:4  | XOM: 6-stop teleportation journey
 40010 | Swamp:4  | XOM: 1-stop teleportation journey
 40391 | Swamp:4  | Got a decaying rune of Zot
 40472 | Swamp:4  | XOM: summons friendly crimson imp
 41020 | Snake:1  | Entered Level 1 of the Snake Pit
 41078 | Snake:1  | XOM: enchant monster (bad)
 41089 | Snake:1  | XOM: enchant monster (good)
 41376 | Snake:1  | XOM: divination: detect items
 41484 | Snake:1  | XOM: enchant monster (good)
 41494 | Snake:1  | XOM: god gift: 25 gold pieces
 41627 | Snake:1  | XOM: fog
 41729 | Snake:1  | XOM: summons friendly white imp
 41762 | Snake:1  | XOM: polymorph white imp -> iron imp
 41781 | Snake:1  | XOM: god gift: leather armour {god gift}
 41842 | Snake:1  | XOM: potion effect (stabbing)
 41965 | Snake:1  | XOM: enchant monster (good)
 41967 | Snake:1  | XOM: summons 2 friendly demons
 41979 | Snake:1  | XOM: fog
 41980 | Snake:1  | XOM: enchant monster (good)
 42256 | Snake:1  | XOM: god gift: orange potion {god gift}
 42533 | Snake:1  | Found Raurgh's Jewellery Boutique.
 42534 | Snake:1  | Found Bedel's Gadget Shoppe.
 42534 | Snake:1  | Found Depokh's Gadget Shoppe.
 42542 | Snake:1  | Bought the ring of Zaav Rip {*Drain rF+++ AC+5 Dex-4} for
                  | 1162 gold pieces
 42549 | Snake:1  | Bought a wand of acid (6) for 240 gold pieces
 42549 | Snake:1  | Bought a wand of scattershot (5) for 324 gold pieces
 42599 | Snake:1  | XOM: divination: detect creatures
 42606 | Snake:1  | XOM: cast spell 'Shadow Creatures'
 42760 | Snake:2  | XOM: harmless Hex miscast
 42951 | Snake:2  | XOM: potion effect (haste)
 43035 | Snake:2  | XOM: scenery: 1 doors close
 43336 | Snake:2  | XOM: snakes to sticks
 43500 | Snake:2  | XOM: enchant monster (good)
 43512 | Snake:2  | XOM: fog
 43536 | Snake:2  | XOM: scenery: create altars
 43611 | Snake:2  | XOM: god gift: glittering jade ring {god gift}
 43614 | Snake:2  | Got a glittering jade ring {god gift}
 43615 | Snake:2  | Identified the ring of Suspicion {Ice rElec MP+9 Dex+3}
                  | (Xom gifted it to you on level 2 of the Snake Pit)
 43670 | Snake:2  | Found a burning altar of Makhleb.
 43747 | Snake:2  | XOM: cleaving
 43764 | Snake:2  | XOM: summons 10 friendly demons
 43800 | Snake:2  | XOM: polymorph crimson imp -> ufetubus
 43805 | Snake:2  | XOM: god gift: ration
 43942 | Snake:2  | XOM: fake destruction
 44133 | Snake:2  | XOM: scenery: create altars
 44158 | Snake:2  | XOM: harmless Chrm miscast
 44367 | Snake:3  | XOM: cloud trail
 44440 | Snake:3  | XOM: god gift: scroll of vulnerability
 44577 | Snake:3  | XOM: mild Pois miscast
 45033 | Snake:3  | Reached XP level 18. HP: 133/148 MP: 26/26
 45085 | Snake:3  | XOM is BORED!
 45085 | Snake:3  | XOM: medium Hex miscast
 45128 | Snake:3  | XOM: scenery: create altars
 45130 | Snake:3  | XOM: destruction
 45164 | Snake:3  | XOM: fog
 45173 | Snake:3  | XOM: scenery: create altars
 45302 | Snake:3  | XOM: harmless Ice miscast
 45508 | Snake:3  | Reached skill level 15 in Fighting
 45508 | Snake:3  | Reached skill level 17 in Shields
 45525 | Snake:3  | XOM: confuse monster(s)
 45714 | Snake:3  | XOM: medium Summ miscast
 45923 | Snake:4  | Entered Level 4 of the Snake Pit
 45937 | Snake:4  | XOM: blink monster(s)
 46056 | Snake:4  | XOM: medium Chrm miscast
 46077 | Snake:4  | XOM: polymorph naga warrior -> wolf spider
 46095 | Snake:4  | XOM: blink monster(s)
 46170 | Snake:4  | XOM: stat loss: -1 Str (24/25)
 46491 | Snake:4  | XOM: polymorph naga ritualist -> tarantella
 47037 | Snake:4  | Noticed Donald
 47049 | Snake:4  | Killed Donald
 47435 | Snake:4  | XOM: 2-stop teleportation journey
 47449 | Snake:4  | XOM: harmless Erth miscast
 47478 | Snake:4  | XOM: summons 3 hostile demons
 47690 | Snake:4  | XOM: enchant monster (good)
 47724 | Snake:4  | XOM: severe Air miscast
 47936 | Snake:4  | XOM: noise
 48036 | Snake:4  | XOM: mild Pois miscast
 48059 | Snake:4  | XOM: cast spell 'Death Channel'
 48079 | Snake:4  | Reached skill level 15 in Maces & Flails
 48482 | Snake:4  | XOM: 7-stop teleportation journey
 48485 | Snake:4  | Got a serpentine rune of Zot
 49040 | Elf:1    | Entered Level 1 of the Elven Halls
 49168 | Elf:1    | Found Zuck's Armour Emporium.
 49190 | Elf:1    | Found Rielom's Magic Scroll Shoppe.
 49196 | Elf:1    | Bought a scroll of silence for 142 gold pieces
 49196 | Elf:1    | Bought a scroll of teleportation for 57 gold pieces
 49224 | Elf:1    | XOM: swap monsters
 49236 | Elf:1    | XOM: enchant monster (bad)
 49290 | Orc:2    | XOM: severe Pois miscast
 49477 | Orc:2    | XOM: harmless Hex miscast
 49575 | Elf:1    | XOM: summons 1 hostile shadow creature
 49583 | Elf:1    | XOM: destruction
 49665 | Elf:1    | XOM: noise
 49749 | Elf:1    | XOM: noise
 49755 | Elf:1    | XOM: noise
 49759 | Elf:1    | Reached skill level 18 in Shields
 49768 | Elf:1    | XOM: blink monster(s)
 49774 | Elf:1    | XOM: 3-stop teleportation journey
 49831 | Elf:1    | XOM: enchant monster (bad)
 49955 | Elf:1    | XOM: 3-stop teleportation journey
 50038 | Elf:1    | Reached XP level 19. HP: 138/155 MP: 27/27
 50092 | Elf:1    | XOM: 1-stop teleportation journey
 50281 | Elf:1    | XOM: scenery: 1 doors close
 50351 | Elf:1    | XOM: scenery: 1 doors open, 4 doors close
 50488 | Elf:1    | Identified Viubroz's Grimoire of Supportive Attacks
 50718 | Elf:1    | XOM: scenery: create altars
 50959 | Elf:1    | XOM: god gift: ring mail {god gift}
 50999 | Elf:1    | XOM: scenery: 1 doors open, 1 doors close
 51044 | Elf:1    | Found a runed translucent door.
 51178 | Elf:1    | Noticed karf's ghost (journeyman GrEE)
 51227 | Elf:2    | XOM: stealth player
 51263 | Elf:2    | Found a magical portal.
 51282 | WizLab   | Found a transporter.
 51406 | WizLab   | Found a corrupted altar of Lugonu.
 51432 | WizLab   | Found a transporter.
 51484 | WizLab   | Found a transporter.
 51522 | WizLab   | Found a transporter.
 51522 | WizLab   | Found a transporter.
 51598 | WizLab   | Found a transporter.
 51648 | WizLab   | Found a transporter.
 51678 | WizLab   | Found a transporter.
 51697 | WizLab   | Found a transporter.
 51732 | WizLab   | Found a transporter.
 51754 | WizLab   | Found a transporter.
 51768 | WizLab   | XOM: divination: detect items
 51794 | WizLab   | Found a transporter.
 51844 | WizLab   | Found a transporter.
 51860 | WizLab   | Found a corrupted altar of Lugonu.
 51891 | WizLab   | XOM: harmless Fire miscast
 51892 | WizLab   | Found a transporter.
 51892 | WizLab   | Found a transporter.
 51898 | WizLab   | XOM: divination: detect creatures
 51928 | WizLab   | Found a transporter.
 51928 | WizLab   | Found a transporter.
 51956 | WizLab   | XOM is BORED!
 51956 | WizLab   | XOM: summons 9 hostile demons
 51970 | WizLab   | Found the +1 cloak of Starlight {rElec rC+ EV+4 Stlth--}
 51972 | WizLab   | Found a transporter.
 51974 | WizLab   | XOM: cast spell 'Monstrous Menagerie'
 52189 | WizLab   | Got an ancient cloak
 52193 | WizLab   | Found a transporter.
 52201 | WizLab   | Got a translucent cloak
 52211 | WizLab   | Identified the +2 cloak of the Hanged Man {Int+3} (You
                  | found it in a wizard's laboratory)
 52212 | WizLab   | Identified the +1 cloak of Autumn {rC++ rN+ MR- Regen+}
                  | (You found it in a wizard's laboratory)
 52262 | WizLab   | Paralysed by accursed screaming for 1 turns
 52364 | WizLab   | XOM: god gift: scroll of summoning
 52544 | WizLab   | Learned a level 2 spell: Blink
 52546 | WizLab   | Learned a level 1 spell: Summon Butterflies
 52549 | WizLab   | Learned a level 2 spell: Swiftness
 52591 | WizLab   | XOM: summons friendly crimson imp
 52591 | WizLab   | Found a transporter.
 52594 | WizLab   | XOM: polymorph crimson imp -> quasit
 52595 | WizLab   | XOM: blink monster(s)
 52684 | WizLab   | XOM: mild Summ miscast
 52751 | Elf:2    | XOM: chaos upgrade
 52791 | Elf:2    | Reached skill level 1 in Spellcasting
 52809 | Elf:2    | XOM: scenery: 1 doors open
 52840 | Elf:2    | XOM: fog
 52845 | Elf:2    | XOM: enchant monster (bad)
 52849 | Elf:2    | Reached skill level 1 in Translocations
 53001 | Elf:2    | Found Qiyschod's Book Emporium.
 53158 | Elf:2    | Found a runed translucent door.
 53168 | Elf:2    | Noticed Opej's ghost (adept CeHu)
 53210 | Elf:2    | Found a runed translucent gate.
 53210 | Elf:2    | Found a runed translucent gate.
 53211 | Elf:2    | Found a runed translucent gate.
 53231 | Elf:2    | XOM: harmless Tmut miscast
 53271 | Elf:2    | XOM: chaos upgrade
 53465 | Elf:2    | XOM: noise
 53498 | Elf:2    | XOM: harmless Erth miscast
 53638 | Elf:2    | XOM: summons 1 hostile shadow creature
 53719 | Elf:2    | XOM: divination: magic mapping
 53725 | Elf:2    | XOM: swap monsters
 54026 | D:15     | XOM: god gift: wand of scattershot (7)
 54058 | D:15     | XOM: confuse monster(s)
 54059 | D:15     | Found a staircase to the Depths.
 54156 | Vaults:1 | Entered Level 1 of the Vaults
 54202 | Vaults:1 | XOM: fog
 54283 | Vaults:1 | XOM: god gift: fizzy white potion {god gift}
 54349 | Vaults:1 | XOM: noise
 54381 | Vaults:1 | XOM: cleaving
 54385 | Vaults:1 | XOM: potion effect (curing)
 54412 | Vaults:1 | XOM: enchant monster (good)
 54522 | Vaults:1 | XOM: enchant monster (good)
 54598 | Vaults:1 | XOM: confuse monster(s)
 54607 | Vaults:1 | Reached skill level 19 in Shields
 54658 | Vaults:1 | Reached XP level 20. HP: 154/163 MP: 28/28
 54811 | Vaults:1 | XOM: medium Air miscast
 54856 | Vaults:1 | XOM: confuse monster(s)
 54933 | Vaults:1 | XOM: god gift: 26 gold pieces
 54959 | Vaults:1 | XOM: god gift: buckler {god gift}
 54960 | Vaults:1 | Reached skill level 5 in Spellcasting
 55052 | Vaults:1 | Noticed Saint Roka
 55062 | Vaults:1 | Killed Saint Roka
 55067 | Vaults:1 | XOM: cast spell 'Summon Horrible Things'
 55150 | Vaults:1 | XOM: potion effect (heal wounds)
 55409 | Vaults:1 | You fall into a shaft and drop 1 floor!
 55461 | Vaults:2 | XOM: confuse monster(s)
 55711 | Vaults:1 | Found a runed translucent gate.
 55711 | Vaults:1 | Found a runed translucent gate.
 55711 | Vaults:1 | Found a runed translucent gate.
 55727 | Vaults:1 | XOM: cleaving
 56138 | Vaults:2 | XOM: scenery: 1 doors close
 56232 | Vaults:2 | XOM: potion effect (heal wounds)
 56233 | Vaults:2 | XOM: cast spell 'Summon Butterflies'
 56251 | Vaults:2 | XOM: harmless Tmut miscast
 56457 | Vaults:2 | Noticed Aizul
 56467 | Vaults:2 | Killed Aizul
 56516 | Vaults:2 | XOM: noise
 56520 | Vaults:2 | XOM: harmless Fire miscast
 56587 | Vaults:2 | XOM: potion effect (might)
 56642 | Vaults:2 | XOM: potion effect (haste)
 56851 | Vaults:2 | Found a staircase to the Crypt.
 57125 | Vaults:1 | XOM: fog
 57127 | Vaults:1 | XOM: summons 2 friendly demons
 57140 | Vaults:1 | XOM: scenery: 2 doors close
 57146 | Vaults:1 | XOM: scenery: 1 doors open
 57174 | Vaults:1 | XOM: summons 14 friendly demons
 57178 | Vaults:1 | XOM: scenery: 1 doors close
 57273 | Vaults:1 | Found a runed translucent gate.
 57273 | Vaults:1 | Found a runed translucent gate.
 57276 | Vaults:1 | Found a runed translucent gate.
 57276 | Vaults:1 | Noticed Kuqudo's ghost (adept DDFi)
 57305 | Vaults:1 | XOM: divination: detect items
 57306 | Vaults:1 | Killed Kuqudo's ghost
 57306 | Vaults:1 | Reached skill level 5 in Translocations
 57308 | Vaults:1 | XOM: mild Tmut miscast
 57491 | Vaults:3 | Noticed Margery
 57505 | Vaults:3 | XOM: harmless Erth miscast
 57514 | Vaults:3 | XOM: summons 6 friendly demons
 57521 | Vaults:3 | Killed Margery
 57545 | Vaults:3 | XOM: harmless Conj miscast
 57958 | Vaults:3 | Found Laeliysh's Magic Scroll Shoppe.
 57958 | Vaults:3 | XOM: confuse monster(s)
 57994 | Vaults:3 | XOM: harmless Air miscast
 58047 | Vaults:3 | Reached XP level 21. HP: 166/171 MP: 32/32
 58098 | Vaults:3 | You fall into a shaft and drop 1 floor!
 58176 | Vaults:4 | XOM: confuse monster(s)
 58188 | Vaults:4 | XOM: divination: magic mapping
 58191 | Vaults:4 | XOM: swap monsters
 58200 | Vaults:4 | XOM: cast spell 'Metabolic Englaciation'
 58630 | Vaults:3 | XOM: divination: detect creatures
 58654 | Vaults:3 | XOM: enchant monster (good)
 58662 | Vaults:3 | XOM: 3-stop teleportation journey
 58676 | Vaults:3 | XOM: divine lightning
 58682 | Vaults:3 | XOM: summons friendly quasit
 58873 | Vaults:3 | XOM: 2-stop teleportation journey
 58915 | Vaults:3 | XOM: harmless Chrm miscast
 58964 | Vaults:3 | Reached skill level 20 in Shields
 59045 | Vaults:3 | XOM: blink monster(s)
 59050 | Vaults:3 | XOM: silly message
 59203 | Vaults:3 | XOM: confuse monster(s)
 59266 | Vaults:3 | XOM: medium Pois miscast
 59345 | Vaults:3 | XOM: confuse monster(s)
 59357 | Vaults:3 | XOM: confuse monster(s)
 59359 | Vaults:3 | XOM: summons friendly white imp
 59663 | Vaults:3 | XOM: confuse monster(s)
 59667 | Vaults:3 | XOM: polymorph tentacled monstrosity -> doom hound
 59689 | Vaults:3 | XOM: polymorph tormentor -> hell beast
 59786 | Vaults:3 | XOM: fake destruction
 59808 | Vaults:3 | XOM: scenery: 2 doors close
 59811 | Vaults:3 | XOM: enchant monster (good)
 59834 | Vaults:3 | XOM: blink monster(s)
 60151 | Vaults:4 | XOM: god gift: scroll of teleportation
 60317 | Vaults:4 | XOM: god gift: wand of digging (5)
 60780 | Swamp:2  | Identified the +9 morningstar of Omuem {pain, rPois rF-
                  | Str+2 Int+7} (You found it on level 2 of the Swamp)
 60930 | Lair:2   | XOM: cloud trail
 61043 | Depths:1 | XOM: noise
 61043 | Depths:1 | Entered Level 1 of the Depths
 61046 | Depths:1 | XOM: divination: magic mapping
 61050 | Depths:1 | XOM: cast spell 'Summon Small Mammal'
 61057 | D:15     | XOM: divination: magic mapping
 61211 | Depths:1 | XOM: harmless Tmut miscast
 61223 | D:15     | XOM: god gift: 5 boomerangs
 61275 | Depths:1 | XOM: polymorph deep troll earth mage -> deep troll earth
                  | mage
 61337 | D:15     | XOM: cloud trail
 61432 | Depths:1 | XOM: cast spell 'Monstrous Menagerie'
 61441 | Depths:1 | XOM: divine lightning
 61472 | D:15     | XOM: god gift: pair of runed gloves {god gift}
 61615 | D:15     | XOM: mild Necr miscast
 61703 | Depths:1 | XOM: polymorph deep troll shaman -> entropy weaver
 61715 | Depths:1 | XOM: smoke on damage
 61720 | Depths:1 | XOM: swap monsters
 61735 | Depths:1 | XOM: enchant monster (good)
 61745 | Depths:1 | XOM: confuse monster(s)
 61799 | D:15     | XOM: scenery: create altars
 61910 | Crypt:1  | Entered Level 1 of the Crypt
 61934 | Crypt:1  | XOM: divine lightning
 61950 | Crypt:1  | Killed from afar by a revenant

Levels and vault maps discovered:
D:1:      dpeg_arrival_shelter, layout_basic
D:2:      layout_loops_ring, lemuel_crystal_altar, brannock_xom_greatest_gift,
          minivault_4, uniq_crazy_yiuf_cottage
D:3:      layout_rooms
D:4:      layout_loops_corners, uniq_grinder
D:5:      layout_loops_ring, minmay_temple_entry_hall, basic_altar, first_ration
D:6:      layout_basic, lightli_corner_chamber, uniq_menkaure
D:7:      layout_loops_ring, nicolae_overflow_hidden_temple,
          gammafunk_ghost_wrathful_warriors, uniq_prince_ribbit1
D:8:      layout_loops_corners, chequers_temple_overflow_statue_of_worship,
          uniq_gastronok
D:9:      layout_roguey, serial_shops, nicolae_shop_stone, grunt_ogre_cave,
          hangedman_decor_peaks_small, grunt_tough_drop, uniq_pikel,
          uniq_maurice, uniq_joseph
D:10:     minmay_the_grid_net [minmay_the_grid_minigrid_small,
          minmay_the_grid_x, minmay_the_grid_pillar_ring,
          minmay_the_grid_spikes, minmay_the_grid_square_x,
          minmay_the_grid_prize_diamond_cup], layout_rooms, orc_0_dummy,
          serial_ice, serial_ice_b, serial_ice_i, serial_ice_g, serial_ice_c,
          feat_on_display, uniq_nergalle
D:11:     layout_long_grid, grunt_lair_entry_orc_guard_hut, serial_shops,
          kennysheep_mini_moat
D:12:     layout_gridville, basic_altar, guppyfry_shop_earth, uniq_erolcha
D:13:     doesnt_quadruple_sword, layout_rooms, drop_trap
D:14:     minmay_slanted_spiral_squares, layout_basic, erik_vaults_2,
          hangedman_abyss_or_decor_lesser_grid, gauntlet_entry_generic
D:15:     grunt_enter_depths_hoard, layout_cave_pools,
          chequers_serial_rivers_micro_d, uniq_jorgrun
Lair:1:   layout_chaotic_city, cheibrodos_lair_reptile_den
Lair:2:   dpeg_oklob_gauntlet, layout_long_grid, palyth_hydra_swamp_entry,
          minmay_snake_entry_guardpost_large, ebering_ghost_xom, st_stairs_12
Lair:3:   layout_regular_city, minmay_lair_oklob_items
Lair:4:   gammafunk_lair_enchanted_lake, layout_regular_city, basic_altar,
          grunt_megastairs_5
Lair:5:   layout_layer_cave, slime_altar_1, st_stairs_6,
          hangedman_lair_unloving_vines, beast_lair_carwin_3, uniq_rupert
Lair:6:   minmay_lair_end_frog_pond, layout_gridlike, uniq_josephine
Swamp:1:  layout_basic_swamp, gammafunk_ghost_berserking_beasts,
          evilmike_swamp_ruin_house_6, swamp_pool3, nicolae_island_escapes
Swamp:2:  layout_basic_swamp, nicolae_swamp_fairy_circle
Swamp:3:  gammafunk_the_bubble [the_bubble_gammafunk_grid], layout_basic_swamp,
          evilmike_swamp_ruin_wall
Swamp:4:  swamp_alternative, layout_basic_swamp
Snake:1:  layout_misc_corridors, minmay_shop_grove
Snake:2:  nicolae_cobra_stairs, layout_gridlike, lemuel_oklob_altar
Snake:3:  layout_onion_interference, portal_ice_cave_entry_dragon
Snake:4:  minmay_snake_end_coiled, layout_layer_cave, uniq_donald
Orc:1:    layout_caves, nicolae_volcano_entry_vermiform, nooodl_orcs_dogs
Orc:2:    pf_orc_diabolical, layout_caves, serial_shops, bzr_entry_gold
Elf:1:    eino_elf_arrival_the_gate, layout_geoelf_grid,
          ebering_ghost_inner_flame, portal_desolation_entry_salt,
          minmay_elf_sorcery, elves_outpost_lemuel, minmay_shoptagon,
          grunt_megastairs_3
Elf:2:    layout_loops_corners, mu_enter_wizlab_4, serial_shops, shop,
          ebering_ghost_reflecting_pool
Vaults:1: ploomutoo_gammafunk_vaults_ghost_potion_laboratory, v_misc_28,
          v_misc_24, nicolae_vaults_diagonal_hallway_7, ontoclasm_vaults_eye,
          v_rooms_1, hangedman_vaults_variations, st_cross,
          vaults_mumra_hexcomb, ontoclasm_vaults_misaligned, vaults_mumra_lcd,
          nicolae_vaults_shelves_hall, nicolae_vaults_little_squares_4,
          layout_vaults_omnibox, uniq_saint_roka
Vaults:2: nicolae_vaults_specimen_jars, ontoclasm_vaults_ring_square,
          vaults_standard_mumra_x, v_pattern_5, minmay_crypt_entry_simple_box,
          hangedman_vaults_restitches, layout_vaults_omnigrid, uniq_aizul
Vaults:3: nicolae_vaults_lopsided_apartments, ontoclasm_vaults_pinch,
          hangedman_vaults_nails, vaults_dpeg_encased_lava, v_misc_18,
          v_misc_31, ontoclasm_vaults_spin, vaults_dpeg_ring,
          hangedman_vaults_slither, nicolae_vaults_alarming,
          nicolae_vaults_diagonal_hallway_9, layout_vaults_maze_bifur,
          serial_shops, shop, uniq_margery
Vaults:4: v_alt_pattern_1, grunt_vaults_diagonal, grunt_vaults_swirl,
          ontoclasm_vaults_claustrophobia, v_misc_25, vaults_dpeg_diagonal,
          vaults_room_pool, layout_vaults_ring
Crypt:1:  layout_chaotic_city, small_statue_intersection, st_stairs_12,
          grunt_megastairs_2
Depths:1: layout_cave_pools, abyss_entry_crystal, hell_entry,
          hangedman_decor_slide_cut, minmay_misc_feat_ornament,
          serial_bayou_lagoon_b, serial_bayou_shore_b

Skill      XL: |  1  2  3  4  5  6  7  8  9 10 11 12 13 14 15 16 17 18 19 20 21 |
---------------+----------------------------------------------------------------+-----
Fighting       | 4 5 6 7 9 10 11 13 14 15 16 17 | 17.2
Maces & Flails | 3 4 5 6 7 9 10 12 14 15 16 | 16.0
Evocations     | 2 4 5 6 9 10 11 12 13 | 13.5
Armour         | 3 6 7 |  7.3
Shields        | 3 8 11 13 14 16 18 19 20 | 20.0
Spellcasting   | 4 7 8 |  8.0
Translocations | 3 5 6 |  6.3
Dodging        | |  0.7

Action                   |  1- 3 |  4- 6 |  7- 9 | 10-12 | 13-15 | 16-18 | 19-21 || total
-------------------------+-------+-------+-------+-------+-------+-------+-------++-------
Melee: Mace              |    64 |       |       |       |       |       |       ||    64
       Whip              |    76 |   163 |   422 |  1099 |  2296 |   407 |       ||  4463
       Dire flail        |       |       |    59 |    48 |       |       |       ||   107
       Eveningstar       |       |       |       |       |       |  1540 |  1958 ||  3498
Throw: Dart              |       |       |    13 |       |     3 |     2 |       ||    18
       Throwing net      |       |       |       |       |       |       |     1 ||     1
 Abil: Stop Flying       |       |       |       |       |       |       |     2 ||     2
       Evoke Flight      |       |       |       |       |       |       |     1 ||     1
Evoke: Wand              |       |     1 |    13 |     7 |     9 |     8 |    19 ||    57
       Lamp of fire      |       |       |       |       |     2 |     4 |     1 ||     7
       Lightning rod     |       |       |       |       |       |     2 |       ||     2
  Use: Scroll            |     1 |     2 |     6 |     5 |    15 |    16 |    12 ||    57
 Stab: Paralysed         |     1 |       |    15 |     6 |       |    13 |    17 ||    52
       Petrified         |       |       |     7 |       |       |       |       ||     7
       Confused          |       |       |     2 |     2 |     4 |     4 |     5 ||    17
       Sleeping          |       |       |       |     1 |       |       |       ||     1
       Invisible         |       |       |       |     9 |    10 |       |       ||    19
       Distracted        |       |       |       |       |     1 |       |       ||     1
Armor: Leather armour    |    62 |       |       |       |       |       |       ||    62
       Plate armour      |    30 |   100 |   227 |   551 |   627 |   882 |   741 ||  3158
Dodge: Dodged            |    99 |    44 |    79 |   158 |   228 |   278 |   192 ||  1078
Block: Tower shield      |       |       |       |   238 |  1371 |  1961 |  1800 ||  5370

Table legend:
 A = Non-vault XP
 B = Vault XP
 C = Vault XP percentage of total XP
 D = Non-vault monster count
 E = Vault monster count
 F = Vault count percentage of total count
                 A         B        C        D         E       F
            +---------+---------+-------+---------+---------+-------
      Total |  404954 |  282944 |  41.1 |    1096 |     563 |  33.9
            +---------+---------+-------+---------+---------+-------
        D:1 |      34 |       0 |   0.0 |      18 |       0 |   0.0
        D:2 |      59 |       0 |   0.0 |      17 |       0 |   0.0
        D:3 |     320 |       0 |   0.0 |      34 |       0 |   0.0
        D:4 |     525 |     281 |  34.9 |      13 |       1 |   7.1
        D:5 |     798 |       0 |   0.0 |      24 |       0 |   0.0
        D:6 |     424 |     165 |  28.0 |      10 |       1 |   9.1
        D:7 |     561 |     268 |  32.3 |      10 |       1 |   9.1
        D:8 |    1647 |    2224 |  57.5 |      35 |       1 |   2.8
        D:9 |     953 |    2004 |  67.8 |      21 |      10 |  32.3
       D:10 |    1744 |    5238 |  75.0 |      22 |      33 |  60.0
       D:11 |    3062 |    1138 |  27.1 |      18 |       7 |  28.0
       D:12 |    4059 |    1871 |  31.6 |      39 |       5 |  11.4
       D:13 |    6958 |       0 |   0.0 |      38 |       0 |   0.0
       D:14 |    4801 |   13336 |  73.5 |      18 |      20 |  52.6
       D:15 |   27090 |    3289 |  10.8 |      50 |       3 |   5.7
     Lair:1 |    3885 |     703 |  15.3 |      21 |       1 |   4.5
     Lair:2 |    3157 |    4516 |  58.9 |      15 |      18 |  54.5
     Lair:3 |    5331 |     397 |   6.9 |      21 |       1 |   4.5
     Lair:4 |    5211 |    1498 |  22.3 |      18 |       5 |  21.7
     Lair:5 |    2736 |     876 |  24.3 |       6 |       1 |  14.3
     Lair:6 |    8118 |   11874 |  59.4 |      27 |      47 |  63.5
    Swamp:1 |   11879 |       0 |   0.0 |      32 |       0 |   0.0
    Swamp:2 |   18422 |       0 |   0.0 |      36 |       0 |   0.0
    Swamp:3 |    6833 |    7774 |  53.2 |      20 |      14 |  41.2
    Swamp:4 |   13450 |   20414 |  60.3 |      27 |      29 |  51.8
    Snake:1 |   24970 |       0 |   0.0 |      48 |       0 |   0.0
    Snake:2 |   12505 |   15373 |  55.1 |      19 |      18 |  48.6
    Snake:3 |   15363 |     949 |   5.8 |      27 |       1 |   3.6
    Snake:4 |   29337 |   27017 |  47.9 |      58 |      45 |  43.7
      Orc:1 |    3008 |    1511 |  33.4 |      32 |      13 |  28.9
      Orc:2 |    1149 |   16535 |  93.5 |      18 |      60 |  76.9
      Elf:1 |   27749 |   16948 |  37.9 |      43 |      29 |  40.3
      Elf:2 |   32999 |    1799 |   5.2 |      48 |       2 |   4.0
   Vaults:1 |   27918 |   45661 |  62.1 |      42 |      59 |  58.4
   Vaults:2 |   18113 |   20817 |  53.5 |      38 |      27 |  41.5
   Vaults:3 |   52483 |   35350 |  40.2 |      91 |      43 |  32.1
   Vaults:4 |   18825 |     263 |   1.4 |      25 |       2 |   7.4
    Crypt:1 |    2206 |       0 |   0.0 |       5 |       0 |   0.0
   Depths:1 |    5626 |       0 |   0.0 |       9 |       0 |   0.0
    Volcano |       0 |    3133 | 100.0 |       0 |       8 | 100.0
     WizLab |     646 |   14853 |  95.8 |       3 |      41 |  93.2
   Gauntlet |       0 |    4869 | 100.0 |       0 |      17 | 100.0
            +---------+---------+-------+---------+---------+-------
